cohdb
Replays
Latest Replays
All Replays
Popular Replays
Top Player Replays
Match Explorer
How It Works
Community
CoH3 Stats
Reddit
Sign in to upload your games and track your stats! →
Sign in with Steam
Match 43679499
Unlisted
Match 43679499
Overview
Messages
Build Orders
End
Panzergrenadier Squad
Kradschützen Motorcycle Team
Panzergrenadier Squad
Construct Light Support Kompanie
Assault Grenadier Squad
Fire Support Elements
le.IG 18 Support Gun Team
Flakvierling Half-track
Selects Italian Infantry
Selects Guastatori Squad
Pak 38 Mechanized Group
2.5-tonne Medical Truck
Selects Defensive Operations
Selects Territory Booby Traps
Forward Retreat Point
Construct Panzerarmee Kommand
Walking Stuka Rocket Launcher
Selects Obice 305mm Barrage
Obice 305mm Barrage
Selects Registered Artillery
Guastatori Squad
Walking Stuka Rocket Launcher
Armored Reserves
Forward Retreat Point
|-J5D-| MAREK POLSKA
Husar
Felipe
DeKoninck23
Stocklei
Slib mámě *vz58*
0
0
Comments
sign in to comment!
No comments posted yet!